Cogmind - Beta 14 @@@ ROGUE MODE // 2024.09.03 @ 02:03:25 Player: Necroptosis Result: Destroyed by G-34 Mercenary with Small Laser Performance ------------- Evolutions (1) 500 Regions Visited (3) 600 Robots Destroyed (76) 380 Value Destroyed (2047) 2047 Prototype IDs (4) 80 Alien Tech Used (0) 0 Bonus (491) 491 TOTAL SCORE: 4098 Bonus ------- High Alert Combat Kills 234 Follower Combat Kills 286 Friendly Fire -29 Cogmind --------- Core Integrity 0/400 Matter 143/300 Energy 100/100 System Corruption 2% Temperature Critical (505) Movement Treading (160) Location -9/Storage Parts ------- > --- POWER (1) -------- (None) > --- PROPULSION (3) --- Improved Treads Improved Treads > --- UTILITY (3) ------ High-capacity Storage Unit Hacking Suite > --- WEAPON (2) ------- Mini Grenade Launcher Mini Grenade Launcher > --- INVENTORY (20) --- Heavy Ion Engine Improved Treads Improved Treads Improved Treads Wheel Wheel Improved Heat Sink Large Storage Unit Signal Interpreter Hardened Medium Armor Plating Drone Bay (2/2) Heavy EM Pulse Gun Improved Assault Rifle Improved Assault Rifle Datajack Plasma Cutter Peak State ------------ > --- POWER ------------ Heavy Ion Engine > --- PROPULSION ------- Improved Treads Improved Treads Wheel > --- UTILITY ---------- High-capacity Storage Unit Hardened Medium Armor Plating Hacking Suite > --- WEAPON ----------- Improved Lightning Gun Improved Assault Rifle > --- INVENTORY -------- Heavy Ion Engine Improved Treads Improved Treads Improved Treads Improved Treads Improved Treads Wheel Wheel Improved Heat Sink Large Storage Unit Signal Interpreter Hardened Medium Armor Plating Hardened Medium Armor Plating Drone Bay Heavy EM Pulse Gun Improved Assault Rifle Mini Grenade Launcher Mini Grenade Launcher Datajack Plasma Cutter [Rating: 28] Favorites ----------- Power Ion Engine Engine Ion Engine Propulsion Light Treads Treads Light Treads Wheel Wheel Utility Large Storage Unit Device Seismic Detector Storage Large Storage Unit Hackware Hacking Suite Protection Hardened Medium Armor Plating Weapon Improved Assault Rifle Energy Gun Spread Laser Ballistic Gun Improved Assault Rifle Ballistic Cannon Light Cannon Launcher Mini Grenade Launcher Special Melee Weapon Datajack Build | -11 -10 -9 -9 ------- Run | Yrd Mat Mat Sto Slots Evolved 2 | . . 2 . Power . | . . . . Propulsion 1 | . . 1 . Utility 1 | . . 1 . Weapon . | . . . . Parts Attached 57 | 8 5 18 26 Power 7 | 1 1 2 3 Engine 7 | 1 1 2 3 Core . | . . . . Reactor . | . . . . Propulsion 19 | 2 1 6 10 Treads 13 | . 1 3 9 Leg . | . . . . Wheel 6 | 2 . 3 1 Hover . | . . . . Flight . | . . . . Utility 14 | 2 2 7 3 Device 1 | 1 . . . Storage 4 | 1 2 . 1 Processor . | . . . . Hackware 1 | . . 1 . Protection 8 | . . 6 2 Artifact . | . . . . Weapon 17 | 3 1 3 10 Energy Gun 6 | 2 . 2 2 Energy Cannon . | . . . . Ballistic Gun 7 | 1 . 1 5 Ballistic Cannon 1 | . 1 . . Launcher 2 | . . . 2 Special Weapon . | . . . . Impact Weapon . | . . . . Slashing Weapon . | . . . . Piercing Weapon . | . . . . Special Melee Weapon 1 | . . . 1 Unidentified Prototypes 4 | . . 2 2 Parts Lost 18 | . 2 6 10 Power 3 | . . 1 2 Propulsion 9 | . 1 5 3 Utility 2 | . . . 2 Weapon 4 | . 1 . 3 Highest Loss Streak 7 | . 1 2 7 To Critical Strikes . | . . . . Average Slot Usage (%) 99 | . 100 100 99 Engine 11 | . 14 11 11 Treads 19 | . 10 22 22 Wheel 12 | . 17 11 10 Device 3 | . 14 1 . Storage 11 | . 14 11 11 Hackware 8 | . . 9 11 Protection 8 | . . 11 10 Energy Gun 7 | . 14 11 1 Ballistic Gun 12 | . 5 7 19 Ballistic Cannon 2 | . 8 2 . Peak Build Rating 28 | 7 8 21 28 Average Rating 17 | 5 7 15 23 On Entrance 9 | . 7 8 21 Naked Turns . | . . . . Heaviest Build 64 | 14 30 44 64 Greatest Support 69 | 26 26 16 69 Greatest Overweight (x) 6 | . 2 4 6 Average Overweight (x) 3 | . 1 2 4 Largest Inventory Capacity 20 | 8 15 15 20 Average Capacity 15 | 7 14 15 17 Most Carried 20 | 6 15 15 20 Average Carried 14 | 4 11 14 16 Final Capacity 20 | 8 15 15 20 Final Carried 16 | 6 15 15 16 Class Distribution -------------------- 79% | Mutant 20% | Commander-Mutant Dominant Class ---------------- Mutant | -10/Materials Mutant | -9/Materials Mutant | -9/Storage Resources | -11 -10 -9 -9 ----------- Run | Yrd Mat Mat Sto Matter Collected 1335 | 256 224 323 532 Remotely . | . . . . Salvage Created 2514 | 26 398 847 1243 Parts 160 | 4 18 59 79 Haulers Intercepted 6 | . 1 3 2 Recyclers Shooed . | . . . . Parts Field Recycled . | . . . . Retrieved Matter . | . . . . Parts Self-Destructed . | . . . . Prevented . | . . . . Kills | -11 -10 -9 -9 ------- Run | Yrd Mat Mat Sto Combat Hostiles Destroyed 59 | . 7 26 26 Guns 48 | . 4 25 19 Cannons 4 | . 3 1 . AOE 7 | . . . 7 Classes Destroyed 12 | 1 5 4 2 Worker 2 | . . 2 . Builder 2 | . 1 . 1 Tunneler 2 | 2 . . . Hauler 6 | . 1 3 2 Recycler 2 | . 1 . 1 Operator 3 | . 1 1 1 Swarmer 12 | . . 10 2 Grunt 31 | . 7 11 13 Brawler 1 | . . . 1 Duelist 1 | . . 1 . Protector 1 | . . . 1 Sentry 13 | . . 4 9 Best Kill Streak 10 | 1 3 8 10 Combat Bots Only 10 | . 2 5 10 Max Kills in Single Turn 3 | 1 1 2 3 Gunslinging 1 | . . 1 . Exploded 3 | . . . 3 Melee . | . . . . Uniques/NPCs Destroyed . | . . . . Combat | -11 -10 -9 -9 -------- Run | Yrd Mat Mat Sto Hostile Shots Fired 276 | . 49 96 131 Missed 52 | . 6 24 22 Damage Taken 3114 | . 572 877 1665 Core 537 | . 128 108 301 Absorbed by Shields . | . . . . Core Remaining (%) 74 | 100 48 . . Volleys Fired 172 | 7 41 63 61 Largest 2 | 2 2 2 2 Hottest 121 | 60 75 121 83 Shots Fired 336 | 14 80 126 116 Gun 297 | 14 61 111 111 Cannon 34 | . 19 15 . Launcher 5 | . . . 5 Special . | . . . . Kinetic 198 | 7 40 52 99 Thermal 121 | 7 40 74 . Explosive 5 | . . . 5 Electromagnetic 12 | . . . 12 Robot Hit Streak 18 | 7 12 14 18 Robot Miss Streak 6 | 4 5 6 2 Penetration Max . | . . . . Secondary Targets 5 | . . 4 1 Max Gunslinging Chain 1 | . . 1 1 Shots Hit Robots 253 | 9 54 97 93 Core Hits 173 | 3 18 99 53 Critical Kills . | . . . . Critical Parts Destroyed 2 | . . 1 1 Critical Strikes 5 | . 2 2 1 Destroy 2 | . . 1 1 Blast 3 | . 2 1 . Melee Attacks 4 | . . . 4 Impact . | . . . . Slashing . | . . . . Piercing . | . . . . Sneak Attacks 4 | . . . 4 Combat Hostiles . | . . . . Follow-up Attacks . | . . . . Damage Inflicted 4265 | 106 705 1474 1980 Guns 3370 | 106 502 1330 1432 Cannons 347 | . 203 144 . Explosions 548 | . . . 548 Melee . | . . . . Ramming . | . . . . Kinetic 2131 | 51 397 468 1215 Thermal 1462 | 55 308 1006 93 Explosive 455 | . . . 455 Electromagnetic 217 | . . . 217 Impact . | . . . . Slashing . | . . . . Piercing . | . . . . Highest Corruption 2 | . . . 2 Average Corruption 1 | . . . 1 Corruption Purged . | . . . . Corruption Blocked . | . . . . Effects 19 | . . . 19 Message Errors 5 | . . . 5 Matter Fused 5 | . . . 5 Energy Discharges 2 | . . . 2 Data Loss (minor) 2 | . . . 2 Data Loss (major) 3 | . . . 3 Weapon Failures 2 | . . . 2 Overload Shots . | . . . . Overflow Damage . | . . . . Projectiles . | . . . . Explosions . | . . . . Melee . | . . . . Knockbacks . | . . . . Impact . | . . . . Kinetic . | . . . . Secondary . | . . . . Self-Inflicted Damage 120 | . . . 120 Shots 3 | . . . 3 Rammed . | . . . . Targets Rammed . | . . . . Kicked . | . . . . Crushed . | . . . . Highest Temperature 590 | . 153 432 590 Average Temperature 113 | . 60 106 185 Received Heat Transfer 1272 | . 345 192 735 Effects 20 | . . 3 17 Shutdowns 2 | . . 1 1 Energy Bleed 2 | . . 1 1 Interference 3 | . . . 3 Matter Decay 2 | . . . 2 Damage (minor) 2 | . . 1 1 Damage (major) 8 | . . . 8 Damage (core) 1 | . . . 1 Siege Activations . | . . . . Robots Corrupted . | . . . . Combat Hostiles . | . . . . Parts Fried . | . . . . Impact Corruptions . | . . . . Robots Melted . | . . . . Combat Hostiles . | . . . . Parts Melted 2 | . . 1 1 Heat Transferred 2402 | 125 700 1403 174 Parts Sabotaged . | . . . . Parts Stolen . | . . . . Parts Stripped . | . . . . Power Chain Reactions 1 | . . . 1 Alert | -11 -10 -9 -9 ------- Run | Yrd Mat Mat Sto Peak Influence 899 | 10 135 351 899 Initial 143 | . 6 42 143 Average 290 | 3 44 205 472 Maximum Alert Level 3 | . . 1 3 Low Security (%) 36 | 100 100 42 3 Level 1 31 | . . 57 26 Level 2 30 | . . . 67 Level 3 1 | . . . 2 Level 4 . | . . . . Level 5 . | . . . . High Security . | . . . . Max Security . | . . . . Squads Dispatched 13 | . 2 2 9 Investigation . | . . . . Extermination . | . . . . Reinforcement 7 | . 2 2 3 Assault 3 | . . . 3 Garrison 3 | . . . 3 Intercept . | . . . . Searches Triggered . | . . . . Construction Impeded 1 | . . 1 . Haulers Reinforced . | . . . . Active Scanning Responses . | . . . . Cargo Convoy Interrupts . | . . . . Stealth | -11 -10 -9 -9 --------- Run | Yrd Mat Mat Sto Distress Signals 3 | . 1 . 2 Communications Jammed . | . . . . Distress Signals . | . . . . Times Spotted 103 | . 11 45 47 Peak Tracking Total 13 | . 3 7 13 Tactical Retreats 4 | . 1 . 3 Traps | -11 -10 -9 -9 ------- Run | Yrd Mat Mat Sto Traps Triggered 3 | . . . 3 Indirectly . | . . . . Trap Hack Attempts 8 | . . . 8 Triggered . | . . . . Disarmed . | . . . . Reprogrammed . | . . . . Reused . | . . . . Traps Extracted . | . . . . Installed . | . . . . Triggered . | . . . . Machines | -11 -10 -9 -9 ---------- Run | Yrd Mat Mat Sto Machines Disabled 3 | . . . 3 Max in Single Turn 2 | . . . 2 Machines Repaired . | . . . . Machines Dismantled . | . . . . Machines Sabotaged . | . . . . Overloaded Fab Kills . | . . . . Hacking | -11 -10 -9 -9 --------- Run | Yrd Mat Mat Sto Machines Accessed 15 | . . 4 11 Terminals 12 | . . 3 9 Fabricators . | . . . . Repair Stations . | . . . . Recycling Units 2 | . . . 2 Scanalyzers 1 | . . 1 . Garrison Access . | . . . . Total Hacks 38 | . . 10 28 Successful 15 | . . 5 10 Failed 23 | . . 5 18 Catastrophic 1 | . . . 1 Database Lockouts . | . . . . Manual 28 | . . 10 18 Terminals 30 | . . 8 22 Fabricators . | . . . . Repair Stations . | . . . . Recycling Units 6 | . . . 6 Scanalyzers 2 | . . 2 . Garrison Access . | . . . . Terminal Hacks 10 | . . 2 8 Robot Analysis 2 | . . . 2 Open Door 3 | . . . 3 Emergency Access Points 1 | . . . 1 Alert Level 1 | . . 1 . Unreport Threat 1 | . . 1 . Locate Traps 1 | . . . 1 Zone Layout 1 | . . . 1 Fabricator Hacks . | . . . . Repair Station Hacks . | . . . . Recycling Unit Hacks 1 | . . . 1 Retrieve Components 1 | . . . 1 Scanalyzer 1 | . . 1 . Insert Component 1 | . . 1 . Garrison Access Hacks . | . . . . Unauthorized Hacks 3 | . . 2 1 Terminals 2 | . . 2 . Botnet 1 | . . 1 . Operators 1 | . . 1 . Fabricators . | . . . . Repair Stations . | . . . . Recycling Units 1 | . . . 1 Mask 1 | . . . 1 Scanalyzers . | . . . . Garrison Access . | . . . . Data Cores Recovered 1 | . . . 1 Used 1 | . . . 1 Hacking Detections 14 | . . 5 9 Full Trace Events . | . . . . Feedback Events . | . . . . Feedback Blocked . | . . . . Robot Schematics Acquired . | . . . . Robots Built . | . . . . Authchips . | . . . . Time . | . . . . Total Robot Build Rating . | . . . . Part Schematics Acquired . | . . . . Parts Built . | . . . . Authchips . | . . . . Time . | . . . . Total Part Build Rating . | . . . . Parts Repaired . | . . . . Time . | . . . . Parts Recycled . | . . . . Recycled Matter . | . . . . Retrieved Matter . | . . . . Retrieved Components 1 | . . . 1 Parts Scanalyzed 1 | . . 1 . Part Schematics Acquired . | . . . . Parts Damaged 1 | . . 1 . Bothacking | -11 -10 -9 -9 ------------ Run | Yrd Mat Mat Sto Used RIF Installer . | . . . . Robots Hacked 2 | . . . 2 Non-combat 1 | . . . 1 Combat 1 | . . . 1 Robot Hacks Applied 2 | . . . 2 parse_system 2 | . . . 2 Relay Couplers Released . | . . . . Fabnet Peak Effective % . | . . . . Robots Rewired . | . . . . Allies Hacked . | . . . . Hacks Repelled . | . . . . Allies | -11 -10 -9 -9 -------- Run | Yrd Mat Mat Sto Total Allies 12 | . . . 12 Largest Group 10 | . . . 10 Highest-Rated Group 88 | . . . 88 Highest-Rated Ally 31 | . . . 31 Total Orders . | . . . . Ally Attacks 67 | . . . 67 Total Damage 752 | . . . 752 Kills 16 | . . . 16 Allies Corrupted . | . . . . Allies Melted . | . . . . Intel | -11 -10 -9 -9 ------- Run | Yrd Mat Mat Sto Robot Analysis Total 2 | . . . 2 Derelict Logs Recovered . | . . . . Drone Launches . | . . . . Drone Recoveries . | . . . . Exploration | -11 -10 -9 -9 ------------- Run | Yrd Mat Mat Sto Turns Passed 2928 | 84 527 1003 1314 Spaces Moved 1472 | 51 317 518 586 Core 2 | 2 . . . Treads 16 | . . . 16 Legs . | . . . . Wheels 1454 | 49 317 518 570 Hover . | . . . . Flight . | . . . . Fastest Speed 50 | 50 90 125 125 Average Speed 131 | 88 103 126 155 Slowest Speed 320 | 100 110 140 320 Overloaded Moves . | . . . . Propulsion Burnouts . | . . . . Robots Hopped . | . . . . Cave-ins Triggered . | . . . . Exploration Rate (%) 45 | 4 43 45 89 Regions Visited 3 Branch Regions 1 Pre-discovered Areas . | . . . . Known Exits Taken . | . . . . Unknown Exits Taken 3 | 1 1 1 . Scrap Searched . | . . . . Spaces Dug . | . . . . Terrain Destroyed 56 | . . . 56 Melee . | . . . . Projectile . | . . . . AOE 56 | . . . 56 Terrain Rammed . | . . . . Walls Destroyed . | . . . . Machines Disabled . | . . . . Actions | -11 -10 -9 -9 --------- Run | Yrd Mat Mat Sto Total 2136 | 71 435 754 876 Wait 327 | . 59 113 155 Move 1469 | 50 316 517 586 Hop . | . . . . Pick Up 55 | 6 11 22 16 Fast Attach 17 | 7 . 3 7 Attach 17 | . 2 8 7 Detach . | . . . . Swap 23 | 1 3 7 12 Drop 42 | . 3 21 18 Fire 172 | 7 41 63 61 Melee 4 | . . . 4 Ram . | . . . . Kick . | . . . . Crush . | . . . . Escape Stasis . | . . . . Rewire 2 | . . . 2 Trap 8 | . . . 8 Miscellaneous . | . . . . Route ------- -11/Scrapyard -10/Materials -9/Materials (discovered 2 exits: [*Min] / *Sto) -9/Storage (discovered 1 exit: [*Mat]) History --------- Turn | Location | Event 22 | -11/Scrapyard | Discovered new exit (range 16) 85 | -11/Scrapyard | Entered Materials 316 | -10/Materials | Build established: Mutant 475 | -10/Materials | Core integrity fell below 50% 598 | -10/Materials | Discovered new exit (range 10) 612 | -10/Materials | Entered another Materials area 612 | -9/Materials | Evolved 2 slots: Propulsion x1, Utility x1 1032 | -9/Materials | Discovered new exit (range 8) 1543 | -9/Materials | Discovered new exit (range 16) 1615 | -9/Materials | Entered Storage 1763 | -9/Storage | Garrison activated, responded to threat 2069 | -9/Storage | Assisted by bots powering up and referring to "LRC-V3" 2359 | -9/Storage | Build established: Commander-Mutant 2555 | -9/Storage | Discovered new exit (range 7) 2697 | -9/Storage | Lost 5 allies 2795 | -9/Storage | Met a pair of Derelict thieves 2815 | -9/Storage | First assault squad dispatched 2886 | -9/Storage | Core integrity fell below 50% 2913 | -9/Storage | Core integrity fell below 20% 2929 | -9/Storage | Destroyed by G-34 Mercenary with Small Laser Last Messages --------------- 02918_ Imp. Ion Engine crushed. 02918_ Imp. Treads destroyed. 02919_ Power failure, Hvy. Ion Engine shutdown. 02921_ Overheating: System interference. 02921_ Mni. Grenade Launcher temporarily disabled. 02923_ Overheating: Hcp. Storage Unit damaged (-74). 02923_ Overheating: Imp. Treads damaged (-34). 02923_ Overheating: Mni. Grenade Launcher damaged (-24). 02923_ Overheating: Mni. Grenade Launcher damaged (-13). 02923_ B-36 Bruiser destroyed. 02923_ G-47 Trooper destroyed. 02923_ G-34 Mercenary destroyed. 02924_ Hvy. Ion Engine destroyed. 02925_ The unstable cave ceiling collapses. 02925_ G-34 Mercenary destroyed. 02925_ Compression Vault explodes. 02926_ The unstable cave ceiling collapses. 02927_ Overheating: Matter decay (-22). Map ----- +----------------------------------------------------+ | !## ## """ %#* #??????????? | | ## ## # #??????????? | | +## ## # #??????????? | | # ## # #??????????? | | # #####"Y"### #??????????? | | # #???#"""#?# #??????????? | | ######???#####?# #??????????? | | ####???########### #??????????? | | =#???# !! #??????????? | | !##### *%= #??????????? | | *!+ = [= #??????????? | | !![######+############??????????? | | [#??? ?????????????????????? | | ! #? """ "????????????????????? | | # """ ""???????????????????? | | # """ ""???????????????????? | | # ???#"""???????????? | | ###?#+###+#####"R"#??????????? | | ! #?????? ?## " " ####??????? | | #?????? # = #??????? | | ####?????? #??????? | | ?????###+?# =#??????? | | ?????? ?# r %####???? | | ??????""" # * #???? | | ????????" # #???? | | ????????" + m * [@ #???? | | ??????????# %% #???? | | ??????????#=[# =/[ # / #???? | | ??????????#%%=[===g =%=%= ###??? | | ??????????#!%%[%! T % #??? | | ???##########+# %= # T###??? | | ???# ## ###????? | | ???# ! !|* T ## ######???????? | | ##?# !| % ## #????????????? | | "### * """ # #??##????????? | | + """ ## ###T#"???????? | | #### """ ## "???????? | | ???# ] ## "???????? | | ???##############+######"???????? | | ?????????????# ##????????????? | | ?????????????# T#????????????? | | ?????????????##" "##????????????? | | ?????????????? ?????????????? | | ?????????????# ]]#???????????? | | ?????????????#[[ ] #???????????? | | ?????????????#[ [ ]#???????????? | | ?????????????########???????????? | | ????????????????????????????????? | | ????????????????????????????????? | | ????????????????????????????????? | +----------------------------------------------------+ Best States ------------- Heat Dissipation 28 Energy Generation 14 Energy Capacity 280 Matter Stores 300 Matter Capacity 300 Sight Range 16 Terrain Scan Density 10 Armor Coverage 225 Evasion (%) 42 Recoil Reduction 3 Offensive Hacking 10 Item Schematics ----------------- None Robot Schematics ------------------ None Fabricated ------------ Nothing Alien Tech Used ----------------- None Achievements -------------- None Challenges ------------ None Game ------ Seed LobotomyRingInitializer Manual? 0 Play Time 00:26:07 Cumulative 24.1 hours Start 2024.09.03 @ 01:39:50 End 2024.09.03 @ 02:03:25 Sessions 1 Manual Loads 0 Difficulty Rogue Special Mode None Game No. 36 Rogue 36 Adventurer 0 Explorer 0 Win Type - Total 0 Types 0/0/0/0/0/0/0/0/0 Lore% 19 Gallery% 34 Achievement% 34 Wizard Run 0 Options --------- Layout 1 ASCII 0 Keyboard 0 Movement Mouse Keybinds 0 Fullscreen 1 Font 20/SmallcapsGlow Map View 54x42 Zoom Use 0% Tactical HUD 1 Map Filters NONE Filters NONE Steam 1 RUN: f226c141-5e8c-423e-9ac0-f120da69f54d